 Dungeon Crawl Stone Soup version 0.27-a0-780-geb8d7bc690 (webtiles) character file.

Game seed: 4616412340962511335

126 Glokmah the Magician (level 5, -1/38 HPs)
             Began as a Djinni Fire Elementalist on Mar 26, 2021.
             Slain by an iguana (9 damage)
             ... on level 2 of the Dungeon.
             The game lasted 00:05:03 (3742 turns).

Glokmah the Magician (Djinni Fire Elementalist)     Turns: 3742, Time: 00:05:04

Health: -1/38      AC:  4    Str:  4 (7)  XL:     5   Next: 10%
Gold:   80         EV: 12    Int: 14 (17) God:
                   SH:  0    Dex: 11 (14)

rFire    + + .     SeeInvis .   i - +4 quarterstaff (chaos)
rCold    x . .     Faith    .   (shield currently unavailable)
rNeg     . . .     Spirit   .   a - +0 robe
rPois    ∞         Reflect  .   (no helmet)
rElec    .         Harm     .   j - +0 cloak
rCorr    .         Rampage  .   f - +0 pair of gloves
Will     .....                  (boots unavailable)
Stlth    ++........             (no amulet)
HPRegen  0.12/turn              (no ring)
MPRegen  0.00/turn              (no ring)

@: flying
A: fire resistance 2, cold vulnerability 1, float, innate caster, hp casting,
extra vitality 1
a: no special abilities


You were on level 2 of the Dungeon.
You visited 1 branch of the dungeon, and saw 2 of its levels.

You collected 80 gold pieces.

Inventory:

Hand Weapons
 b - a +0 dagger
 i - a +4 quarterstaff of chaos (weapon)
Missiles
 c - 23 poisoned darts (quivered)
 g - 19 stones
Armour
 a - a +0 robe (worn)
 f - a +0 pair of gloves (worn)
 j - a +0 cloak (worn)
Scrolls
 d - a scroll of identify
Potions
 e - a potion of mutation


   Skills:
 + Level 1.7 Fighting
 + Level 1.8 Armour
 + Level 3.2 Dodging
 - Level 1.5 Stealth
 * Level 3.6 Spellcasting


You couldn't memorise any spells.
You knew the following spells:

 Your Spells              Type           Power      Damage    Failure   Level
a - Foxfire               Conj/Fire      48%        2x1d6     4%          1
b - Conjure Flame         Conj/Fire      12%        6-21      13%         3
c - Inner Flame           Hex/Fire       12%        N/A       13%         3
d - Sticky Flame          Conj/Fire      12%        2d4       41%         4
e - Fireball              Conj/Fire      6%         3d5       77%         5
f - Freeze                Ice            48%        1d7       4%          1
g - Wereblood             Tmut           12%        N/A       7%          2
Your spell library was empty.

Dungeon Overview and Level Annotations

Branches:
Dungeon (2/15)

Altars:
Wu Jian


Innate Abilities, Weirdness & Mutations

You are immune to poison.
Your flesh is very heat resistant. (rF++)
You are vulnerable to cold. (rC-)
You float through the air rather than walking.
You learn spells naturally, not from books.
Your magical power is your life essence.
You have superior vitality. (+4 HP)


Message History

Crazy Yiuf burns!
Crazy Yiuf burns!
You kill Crazy Yiuf!
You have reached level 5!
Spell assigned to 'g'.
The power to cast Wereblood wells up from within.
You start resting.
HP restored.
Things that are here:
a +4 quarterstaff of chaos; a +0 cloak
i - a +4 quarterstaff of chaos;
j - a +0 cloak Your +4 quarterstaff of chaos is briefly surrounded by a scintillating aura of random colours.
i - a +4 quarterstaff of chaos (weapon)
You start putting on your armour.
You continue putting on your +0 cloak. x4
You finish putting on your +0 cloak.
There is an open translucent door here.
There is an open translucent door here.
An iguana comes into view.
The iguana hisses angrily.
The iguana completely misses you.
You hit the iguana but do no damage.
The iguana flickers and vanishes!
Deactivating autopickup; reactivate with Ctrl-A.
Something barely misses you.
You hit something. You burn something. Something bites you.
Something bites you but does no damage.
You closely miss something. Something barely misses you.
There is an ornate altar of the Wu Jian Council here.
Something bites you.
Casting: Sticky Flame (extremely dangerous; 34% risk of failure)
Confirm with . or Enter, or press ? or * to list all spells.
You conjure some foxfire!
Something bites you!
You closely miss something.
The foxfire hits something but does no damage. x2
Something bites you!
* * * LOW HITPOINT WARNING * * *
It was a potion of degeneration.
There was something very wrong with that liquid.
You feel weakened.
You feel dopey.
You feel clumsy. Something bites you!
You die...

##.........# #........#
)<.........# #........#
##.........# #...#.####
##.........#####...#.############
.'.........................>.....
##.........#####...###..#########
#####....)..####...#....#####....
.....)......##.....#.##.##....)..
.............'..@....##.##.##.###
............##..{.#####+##.#.....
.....#########....# #.....#..##.
.....# #....# #.....#..##. .....#
#....# #.....#..... .....# #....#
#.....#....< .....# ###..#
#.....###### .....#
#..####.....#..... .....###
##..........#.####


There were no monsters in sight!

Vanquished Creatures
  Crazy Yiuf (D:2)
  Terence (D:2)
  4 dart slugs
  4 endoplasms
  A giant cockroach (D:2)
  5 goblins
  5 hobgoblins
  11 jackals (D:1)
  9 ball pythons
  5 bats
  2 frilled lizards (D:1)
  6 kobolds
  5 rats
59 creatures vanquished.

Vanquished Creatures (others)
  145 foxfires
145 creatures vanquished.

Grand Total: 204 creatures vanquished

Notes
Turn   | Place    | Note
-------+----------+-------------------------------------------
     0 | D:1      | Glokmah the Djinni Fire Elementalist began the quest for
                  | the Orb.
     0 | D:1      | Reached XP level 1. HP: 15/15 MP: 0/0
   181 | D:1      | Reached XP level 2. HP: 13/22 MP: 0/0
  1261 | D:1      | Reached XP level 3. HP: 25/26 MP: 0/0
  1261 | D:1      | Learned a level 1 spell: Freeze
  1330 | D:1      | Reached skill level 1 in Armour
  1633 | D:1      | Reached skill level 1 in Fighting
  2309 | D:1      | You are sucked into a shaft and drop 1 floor!
  2479 | D:2      | Reached XP level 4. HP: 25/32 MP: 0/0
  3018 | D:2      | Found an ornate altar of the Wu Jian Council.
  3266 | D:2      | Noticed Terence
  3275 | D:2      | Killed Terence
  3426 | D:2      | Found a runed translucent door.
  3427 | D:2      | Noticed Crazy Yiuf
  3436 | D:2      | Killed Crazy Yiuf
  3437 | D:2      | Reached XP level 5. HP: 9/38 MP: 0/0
  3437 | D:2      | Learned a level 2 spell: Wereblood
  3742 | D:2      | Slain by an iguana

Illustrated notes

Levels and vault maps discovered:
D:1:      scummos_arrival_forest, layout_basic
D:2:      layout_basic, lemuel_crystal_altar, feat_on_display,
          uniq_crazy_yiuf_cottage, uniq_terence

Skill      XL: |  1  2  3  4 |
---------------+-------------+-----
Spellcasting   | 3 |  3.6
Armour         | 1 |  1.8
Fighting       | 1 |  1.7
Dodging        | 3 |  3.2
Stealth        | |  1.5

Action                   |  1- 3 |  4- 6 || total
-------------------------+-------+-------++-------
Melee: Dagger            |    45 |    12 ||    57
       Quarterstaff      |       |     4 ||     4
Throw: Dart              |       |     3 ||     3
 Cast: Foxfire           |    82 |    14 ||    96
       Inner Flame       |       |     3 ||     3
       Sticky Flame      |       |     1 ||     1
  Use: Scroll            |       |     3 ||     3
       Potion            |       |     1 ||     1
 Stab: Sleeping          |     1 |     1 ||     2
Armor: Robe              |     8 |     2 ||    10
Dodge: Dodged            |    33 |    11 ||    44

Table legend: (Time is in decaauts)
 A = Elapsed time spent in this place.
 B = Non-inter-level travel time spent in this place.
 C = Inter-level travel time spent in this place.
 D = Time resting spent in this place.
 E = Time spent auto-exploring this place.
 F = Levels seen in this place.
 G = Mean time per level.
                   A        B        C        D        E       F      G
               +--------+--------+--------+--------+--------+-----+--------+
         Total |   3743 |   3606 |    137 |    628 |   2397 |   2 | 1871.5 |
       Dungeon |   3743 |   3606 |    137 |    628 |   2397 |   2 | 1871.5 |
               +--------+--------+--------+--------+--------+-----+--------+

Top non-repeatable levels by time:
     D:1: 2728 daAuts
     D:2: 1015 daAuts
